 Dungeon Crawl Stone Soup version 0.31-a0-1547-g618ab1f346 (webtiles) character file.

Game seed: 18251651281678483620

0 Jannitor the Sneak (level 1, 0/19 HPs)
             Began as a Hill Orc Delver on Jan 2, 2024.
             Was an Initiate of Beogh.
             Succumbed to a water moccasin's poison
             ... on level 5 of the Dungeon.
             The game lasted 00:00:30 (46 turns).

Jannitor the Sneak (Hill Orc Delver)                  Turns: 46, Time: 00:00:30

Health: 0/19       AC:  3    Str: 14    XL:     1   Next: 0%
Magic:  1/1        EV: 11    Int: 10    God:    Beogh [......]
Gold:   0          SH:  0    Dex: 12    Spells: 0/0 levels left

rFire   . . .        a - +0 hand axe
rCold   . . .        (no shield)
rNeg    . . .        b - +0 leather armour
rPois   .            (no helmet)
rElec   .            (no cloak)
rCorr   .            (no gloves)
SInv    .            (no boots)
Will    .....        (no amulet)
Stlth   ++           (no ring)
HPRegen 0.23/turn    (no ring)
MPRegen 0.07/turn

%: no passive effects
@: lethally poisoned (0 -> -8)
A: no striking features
a: Renounce Religion


You were on level 5 of the Dungeon.
You worshipped Beogh.
Beogh was noncommittal.
You visited 1 branch of the dungeon, and saw 1 of its levels.

Inventory:

Hand Weapons
 a - a +0 hand axe (weapon)
Armour
 b - a +0 leather armour (worn)
Wands
 g - a wand of digging (3)
Scrolls
 c - 2 scrolls of fog
Potions
 f - a potion of haste


   Skills:
 + Level 3.6 Fighting
 + Level 2.6 Axes
 + Level 1.5 Dodging
 + Level 4.1 Stealth


You couldn't memorise any spells.
You didn't know any spells.
Your spell library was empty.

Dungeon Overview and Level Annotations

Branches:
Dungeon (5/15)
 Temple: D:4-7

Altars:


Message History

The orc closely misses the quokka.
The quokka twitches its whiskers.
As you read the scroll of revelation, it crumbles to dust.
You feel aware of your surroundings.
You sensed 9 altars.
A scorpion comes into view.
The orc closely misses the ogre.
The orc priest hits the quokka with a +0 mace.
The ogre barely misses the orc.
A white imp comes into view.
Unknown command.
The orc hits the ogre with a +0 short sword.
The orc priest hits the quokka with a +0 mace!
The quokka dies!
The ogre barely misses the orc.
The orc hits the ogre with a +0 short sword.
The orc hits the ogre with a +0 club.
The orc hits the ogre with a +0 short sword.
The orc hits the ogre with a +0 club.
The ogre hits the orc with a +0 giant club!!
The orc dies!
The ogre shouts!
There is a stone staircase leading down here.
A water moccasin comes into view.
Found a stone staircase leading up.
Found 8 gold pieces.
The helpless water moccasin fails to defend itself.
You hit the water moccasin.
The water moccasin is lightly wounded.
The water moccasin bites you!
You are lethally poisoned!
The water moccasin poisons you!
Unknown command.
As you read the scroll of fear, it crumbles to dust.
You assume a fearsome visage.
The water moccasin looks frightened!
You feel very sick.
* * * LOW HITPOINT WARNING * * *
You feel very sick.
* * * LOW HITPOINT WARNING * * *
You feel sick.
You die...

#.# *,, ##.## ***,*
#...# *,,,, #...#
*,,,, #...# *,,<,
##..# *****
####.####### *,,
#..........# *,,
#....@.....# *,,
#..........#**********
#.....<......,,,,,,,,,
#.......$S.##*********
#..........#
#..........#
#..........#
############


You could see a water moccasin (fleeing).

Vanquished Creatures (others)
  2 orcs (D:5)
  A quokka (D:5)
3 creatures vanquished.

Notes
Turn   | Place    | Note
-------+----------+-------------------------------------------
     0 | D:5      | Jannitor the Hill Orc Delver began the quest for the Orb.
     0 | D:5      | Reached XP level 1. HP: 19/19 MP: 1/1
    15 | D:5      | Noticed an ogre
    16 | D:5      | Noticed a jelly
    16 | D:5      | Noticed an orc priest
    18 | D:5      | Became a worshipper of Beogh the Brigand
    23 | D:5      | Noticed a scorpion
    35 | D:5      | Noticed a water moccasin
    46 | D:5      | Succumbed to a water moccasin's poison

Illustrated notes

Levels and vault maps discovered:
D:5:      layout_rooms, nicolae_overflow_hallway_of_the_gods, nicolae_the_louvre

Action                     || total
---------------------------++-------
  Melee: Hand axe          ||     1
 Invoke: Convert to Beogh  ||     1
    Use: Scroll            ||     2
   Stab: Sleeping          ||     1
 Armour: Leather armour    ||     1

Table legend: (Time is in decaauts)
 A = Elapsed time spent in this place.
 B = Non-inter-level travel time spent in this place.
 C = Inter-level travel time spent in this place.
 D = Time resting spent in this place.
 E = Time spent auto-exploring this place.
 F = Levels seen in this place.
 G = Mean time per level.
                   A        B        C        D        E       F      G
               +--------+--------+--------+--------+--------+-----+--------+
         Total |     46 |     46 |      0 |      0 |     13 |   1 |   46.0 |
       Dungeon |     46 |     46 |      0 |      0 |     13 |   1 |   46.0 |
               +--------+--------+--------+--------+--------+-----+--------+

Top non-repeatable levels by time:
     D:5: 46 daAuts
